 Dungeon Crawl Stone Soup version 0.19-a0-1002-g674d22e (webtiles) character file.

12969 HAL9000 the Bludgeoner (level 12, -7/131 HPs)
             Began as an Ogre Hunter on July 18, 2016.
             Was a Priest of Trog.
             Mangled by an ice beast (8 damage)
             ... summoned by Fannar
             ... on level 1 of the Lair of Beasts.
             The game lasted 00:39:19 (13819 turns).

HAL9000 the Bludgeoner (Ogre Hunter)               Turns: 13819, Time: 00:39:20

Health: -7/131     AC:  6    Str: 20    XL:     12   Next: 1%
Magic:  21/21      EV: 15    Int: 10    God:    Trog [***...]
Gold:   454        SH:  0    Dex: 18    Spells: 0 memorised, 11 levels left

rFire  x . .     SeeInvis .     N - +2 giant spiked club (drain)
rCold  . . .     Gourm    .     m - +2 robe {Archmagi}
rNeg   . . .     Faith    +     (shield currently unavailable)
rPois  +         Spirit   .     (helmet restricted)
rElec  +         Dismiss  .     Q - +0 cloak of Cexaer {rElec rF- MR+ MP+9}
rCorr  .         Reflect  .     (gloves unavailable)
SustAt .         Harm     .     (boots unavailable)
MR     ++...                    g - amulet of faith
Stlth  ++........               C - ring of poison resistance
                                j - +4 ring of dexterity

@: exhausted, slowed, very slow, very resistant to hostile enchantments,
unstealthy
A: unfitting armour, tough skin 1
a: Berserk, Trog's Hand, Burn Spellbooks, Renounce Religion


You were on level 1 of the Lair of Beasts.
You worshipped Trog.
Trog was most pleased with you.
You were near starving.

You visited 3 branches of the dungeon, and saw 12 of its levels.

You collected 514 gold pieces.
You spent 60 gold pieces at shops.

Inventory:

Hand Weapons
 N - a +2 giant spiked club of draining (weapon)
Missiles
 c - 5 large rocks
 i - 2 javelins of penetration
 o - 4 javelins (quivered)
 H - 8 tomahawks
Armour
 m - a +2 robe of the Archmagi (worn)
 Q - the +0 cloak of Cexaer (worn) {rElec rF- MR+ MP+9}
   (You found it on level 7 of the Dungeon)

   It makes you vulnerable to fire.
   It insulates you from electricity.
   It affects your resistance to hostile enchantments.
   It affects your magic capacity (+9).
Jewellery
 g - an amulet of faith (around neck)
 j - a +4 ring of dexterity (left hand)
 s - an uncursed ring of protection from fire
 t - an uncursed ring of teleportation
 C - a ring of poison resistance (right hand)
 S - a +5 ring of intelligence
 W - an uncursed ring of ice
 X - an uncursed ring of sustain attributes
Wands
 B - a wand of digging (14/24)
 D - a wand of random effects (14/48)
 R - a wand of confusion (48/48)
Scrolls
 n - 3 scrolls of identify
 v - 3 scrolls of teleportation
 y - 3 scrolls of remove curse
 A - 4 scrolls of enchant armour
 E - a scroll of amnesia
 F - a scroll of fog
 P - 2 scrolls of brand weapon
 T - a scroll of magic mapping
Potions
 k - 3 potions of magic
 p - a potion of haste
 q - a potion of resistance
 r - 4 potions of curing
 w - a potion of ambrosia
 x - 2 potions of might
 z - a potion of agility
 G - 4 potions of cancellation
 J - a potion of brilliance
 L - a potion of cure mutation
 O - 2 potions of invisibility
 V - a potion of heal wounds
 Z - a potion of lignification
Books
 h - a book of Flames

   Spells                             Type                      Level
   a - Flame Tongue                   Conjuration/Fire             1
   b - Throw Flame                    Conjuration/Fire             2
   c - Conjure Flame                  Conjuration/Fire             3
   d - Inner Flame                    Hexes/Fire                   3
   e - Sticky Flame                   Conjuration/Fire             4
   f - Fireball                       Conjuration/Fire             5
   Trog disapproves of the use of such an item.
 I - a book of Cantrips

   Spells                             Type                      Level
   a - Confusing Touch                Hexes                        1
   b - Animate Skeleton               Necromancy                   1
   c - Summon Small Mammal            Summoning                    1
   d - Apportation                    Translocation                1
   Trog disapproves of the use of such an item.
Miscellaneous
 l - a sack of spiders
Comestibles
 f - 10 bread rations
 u - 3 beef jerkies
 K - 6 meat rations
 M - 8 slices of pizza
 U - a royal jelly
 Y - 19 fruits


   Skills:
 + Level 11.7 Fighting
 * Level 16.8 Maces & Flails
 + Level 6.5 Throwing
 + Level 7.3 Dodging
 - Level 0.7 Stealth


You had 11 spell levels left.
You didn't know any spells.

Dungeon Overview and Level Annotations

Branches:
Dungeon (10/15)            Temple (1/1) D:5            Lair (1/6) D:10
    Orc (0/2) D:9

Altars:
Ashenzari
Cheibriados
Dithmenos
Elyvilon
Fedhas
Gozag
Hepliaklqana
Kikubaaqudgha
Makhleb
Nemelex Xobeh
Okawaru
Pakellas
Qazlal
Ru
Sif Muna
Trog
Uskayaw
Vehumet
Xom
Yredelemnul
Zin
The Shining One

Shops:
D:8 !

Annotations:
Lair:1 Fannar


Innate Abilities, Weirdness & Mutations

You are too large for most types of armour.
You have tough skin. (AC +1)


Message History

* * * LOW HITPOINT WARNING * * *
The ice beast barely misses you. x2
The ice beast hits you but does no damage.
Fannar gestures at you while chanting. The bolt of cold hits you!
* * * LOW HITPOINT WARNING * * *
The bolt of cold misses the ice beast.
The ice beast misses you.
Unknown command.
You closely miss Fannar.
Fannar is almost dead.
The ice beast misses you. The ice beast closely misses you.
Fannar hits you with a staff of cold!
* * * LOW HITPOINT WARNING * * *
Fannar freezes you!
* * * LOW HITPOINT WARNING * * *
The ice beast hits you but does no damage.
The ice beast hits you.
* * * LOW HITPOINT WARNING * * *
The ice beast freezes you!
You die...

#.... .. .. #..... ...
..##....##### #...
#.#.....##.####....
####+##.................
........................
...............Y@e......
...............YY.......
............#######...♣♣
#.###.......###### .♣≈≈
### #.......#....# ;≈≈
##...........# ≈≈
...........#...# P
.###......## ..#
+......# .#


You could see Fannar, 3 ice beasts and an electric eel.

Vanquished Creatures
  2 hydras
  Erica (D:9)
  Sonja (D:10)
  The ghost of mistymad the Skirmisher, a novice FoAK of Lugonu (D:7)
  Joseph (D:8)
  Psyche (D:9)
  A gargoyle (D:10)
  A troll (D:10)
  The ghost of mistymad the Skirmisher, an amateur FoAK of Lugonu (D:6)
  Prince Ribbit (D:8)
  The ghost of HAL9000 the Cudgeler, an amateur OgHu (D:3)
  A wyvern (D:9)
  11 yaks
  2 hungry ghosts
  3 hippogriffs
  Menkaure (D:7)
  Edmund (D:6)
  Duvessa (D:4)
  A water moccasin (Lair:1)
  2 orc warriors
  3 sky beasts
  An ice beast (D:10)
  2 black bears
  A necrophage (D:8)
  5 ogres
  3 phantoms
  3 centaurs
  3 wolves (D:10)
  3 big kobolds (D:8)
  6 giant frogs
  Dowan (D:4)
  A water moccasin zombie (D:5)
  A wyvern skeleton (D:10)
  3 scorpions
  5 wights (D:6)
  2 vampire bats (D:2)
  4 electric eels
  A crimson imp (D:7)
  A howler monkey (D:7)
  2 centaur zombies (D:6)
  7 hounds
  2 quasits
  8 orc priests
  2 jellies
  2 giant frog zombies
  2 centaur skeletons (D:7)
  A giant frog skeleton (D:8)
  Terence (D:2)
  Jessica (D:3)
  3 iguanas
  7 orc wizards
  Natasha (thrice) (D:2)
  10 worker ants
  2 sheep (D:8)
  2 hound zombies (D:7)
  4 gnolls (D:2)
  14 adders
  10 river rats (Lair:1)
  A shadow imp (D:6)
  An ooze (D:3)
  An adder zombie (D:9)
  2 adder skeletons
  7 worms
  A dart slug (D:3)
  A giant gecko (D:10)
  33 orcs
  A ball python (D:1)
  2 bat skeletons (D:2)
  3 bat zombies (D:2)
  6 giant cockroaches
  11 goblins
  8 hobgoblins
  11 jackals
  3 quokkas
  6 bats
  A giant gecko zombie (D:6)
  3 giant newts
  7 kobolds
  8 rats
284 creatures vanquished.

Notes
Turn   | Place    | Note
-------+----------+-------------------------------------------
     0 | D:1      | HAL9000 the Ogre Hunter began the quest for the Orb.
     0 | D:1      | Reached XP level 1. HP: 22/22 MP: 1/1
   195 | D:1      | Reached skill level 1 in Maces & Flails
   217 | D:1      | Reached XP level 2. HP: 28/31 MP: 2/2
   381 | D:1      | Reached skill level 2 in Maces & Flails
   668 | D:2      | Reached skill level 3 in Maces & Flails
   668 | D:2      | Reached XP level 3. HP: 27/37 MP: 3/3
   674 | D:2      | Reached skill level 4 in Maces & Flails
   684 | D:2      | Reached XP level 4. HP: 30/45 MP: 4/4
   874 | D:2      | Found an opulent altar of Gozag.
   916 | D:2      | Noticed Natasha
   925 | D:2      | Killed Natasha
  1078 | D:2      | Noticed Terence
  1091 | D:2      | Killed Terence
  1091 | D:2      | Reached skill level 5 in Maces & Flails
  1122 | D:2      | Reached skill level 6 in Maces & Flails
  1122 | D:2      | Reached XP level 5. HP: 23/53 MP: 5/5
  1321 | D:2      | Found an ancient bone altar of Kikubaaqudgha.
  1374 | D:2      | Noticed Natasha
  1378 | D:2      | Killed Natasha
  1378 | D:2      | Reached skill level 7 in Maces & Flails
  1413 | D:2      | Found a snail-covered altar of Cheibriados.
  1442 | D:2      | Reached XP level 6. HP: 48/61 MP: 6/6
  1511 | D:2      | Noticed Natasha
  1512 | D:2      | Killed Natasha
  2281 | D:3      | Reached skill level 8 in Maces & Flails
  2592 | D:3      | Noticed Jessica
  2598 | D:3      | Killed Jessica
  2801 | D:3      | Noticed HAL9000's ghost (amateur OgHu)
  2807 | D:3      | Killed HAL9000's ghost
  2807 | D:3      | Reached skill level 9 in Maces & Flails
  2807 | D:3      | Reached XP level 7. HP: 56/71 MP: 7/7
  3409 | D:4      | Noticed Duvessa
  3409 | D:4      | Noticed Dowan
  3505 | D:4      | Reached skill level 5 in Fighting
  4213 | D:4      | Found a sparkling altar of Nemelex Xobeh.
  4356 | D:4      | Killed Duvessa
  4356 | D:4      | Reached skill level 10 in Maces & Flails
  4356 | D:4      | Reached XP level 8. HP: 51/83 MP: 8/8
  4602 | D:4      | Killed Dowan
  5493 | D:5      | Entered Level 5 of the Dungeon
  5573 | D:5      | Found a staircase to the Ecumenical Temple.
  5580 | D:5      | Reached skill level 11 in Maces & Flails
  5597 | Temple   | Entered the Ecumenical Temple
  6838 | D:6      | Noticed Edmund
  6842 | D:6      | Noticed mistymad's ghost (amateur FoAK)
  6851 | D:6      | Killed Edmund
  6851 | D:6      | Reached skill level 12 in Maces & Flails
  6851 | D:6      | Reached XP level 9. HP: 44/93 MP: 9/9
  6866 | D:6      | Killed mistymad's ghost
  7240 | D:6      | Found an ancient bone altar of Kikubaaqudgha.
  8284 | D:6      | Reached skill level 13 in Maces & Flails
  9009 | D:7      | Found a radiant altar of Vehumet.
  9028 | D:7      | Noticed mistymad's ghost (novice FoAK)
  9033 | D:7      | Killed mistymad's ghost
  9033 | D:7      | Reached skill level 5 in Dodging
  9033 | D:7      | Reached XP level 10. HP: 94/107 MP: 10/10
  9052 | D:7      | Reached skill level 14 in Maces & Flails
  9053 | D:7      | Noticed Menkaure
  9188 | D:7      | Killed Menkaure
  9398 | D:7      | Got a faintly glowing cloak
  9404 | D:7      | Identified the cursed +0 cloak of Cexaer {rElec rF- MR+ MP+9} (You found it on level 7 of the Dungeon)
  9467 | D:7      | Found a basalt altar of Yredelemnul.
  9467 | D:7      | Found a bloodstained altar of Trog.
  9470 | D:7      | Became a worshipper of Trog the Wrathful
  9555 | D:8      | Found Mozaes Lexef's Distillery.
  9561 | D:8      | Bought a potion of heal wounds for 60 gold pieces
  9661 | D:8      | Found a glowing golden altar of the Shining One.
  9851 | D:8      | Got a steaming dagger
  9852 | D:8      | Identified the cursed +3 dagger "Transmigrator" {freeze, rN+ MR+ Str+4 SInv} (You found it on level 8 of the Dungeon)
  9986 | D:8      | Noticed Joseph
  9993 | D:8      | Killed Joseph
 10235 | D:8      | Noticed Prince Ribbit
 10240 | D:8      | Killed Prince Ribbit
 10240 | D:8      | Reached skill level 10 in Fighting
 10339 | D:8      | Noticed a three-headed hydra
 10499 | D:8      | Found an iron altar of Okawaru.
 10744 | D:8      | Found a sacrificial altar of Ru.
 10854 | D:8      | Reached skill level 15 in Maces & Flails
 11055 | D:8      | Killed a three-headed hydra
 11055 | D:8      | Reached XP level 11. HP: 44/119 MP: 11/11
 11411 | D:9      | Noticed Psyche
 11421 | D:9      | Killed Psyche
 11421 | D:9      | Reached skill level 5 in Throwing
 11477 | D:9      | Reached * piety under Trog
 11771 | D:9      | Noticed Erica
 11781 | D:9      | Killed Erica
 12039 | D:9      | Found a staircase to the Orcish Mines.
 12053 | D:9      | Found a burning altar of Makhleb.
 12188 | D:9      | Reached skill level 16 in Maces & Flails
 12438 | D:10     | Entered Level 10 of the Dungeon
 12554 | D:10     | Noticed Sonja
 12570 | D:10     | Killed Sonja
 12570 | D:10     | Reached ** piety under Trog
 12651 | D:10     | Found a staircase to the Lair.
 13436 | Lair:1   | Entered Level 1 of the Lair of Beasts
 13515 | Lair:1   | Reached *** piety under Trog
 13782 | Lair:1   | Noticed Fannar
 13787 | Lair:1   | Noticed a six-headed hydra
 13803 | Lair:1   | Killed a six-headed hydra
 13803 | Lair:1   | Reached XP level 12. HP: 61/131 MP: 12/12
 13812 | Lair:1   | HP: 5/131 [ice beast[Fannar] (10)]
 13819 | Lair:1   | HP: 5/131 [Fannar/staff of cold (10)]
 13819 | Lair:1   | HP: 2/131 [Fannar/staff of cold (3)]
 13819 | Lair:1   | Mangled by an ice beast

Vault maps used:
D:1:      lightli_molten_gateway
D:2:      nicolae_gozag_seed_capital, lemuel_crystal_altar,
          kennysheep_vampire_church, first_bread, uniq_natasha, uniq_terence
D:3:      uniq_jessica
D:4:      nemelex_xobeh_ov_fountains_minmay, uniq_duvessa
D:6:      basic_altar, uniq_edmund
D:7:      lemuel_crystal_altar, gammafunk_temple_overflow_elements,
          uniq_menkaure
D:8:      minitemple, serial_shops, shop, hangedman_ranch, hangedman_ru_absence,
          uniq_prince_ribbit1, uniq_joseph
D:9:      overflow_temple_1_default, orc_0_dummy, uniq_psyche, uniq_erica
D:10:     erik_lair_island, uniq_sonja
Temple:   minmay_temple_bridge_abc
Lair:1:   st_stairs_3, serial_bayou_ford_a, lemuel_fruit_fields,
          infiniplex_staircase_pool, uniq_fannar

Skill      XL: |  1  2  3  4  5  6  7  8  9 10 11 |
---------------+----------------------------------+-----
Fighting       | 3 4 5 7 9 10 11 | 11.7
Maces & Flails | 1 3 4 6 7 9 10 12 13 15 16 | 16.8
Dodging        | 3 5 6 7 |  7.3
Throwing       | 6 |  6.5
Stealth        | |  0.7

Action                   |  1- 3 |  4- 6 |  7- 9 | 10-12 || total
-------------------------+-------+-------+-------+-------++-------
Melee: Short sword       |    15 |       |       |       ||    15
       Mace              |    45 |   204 |       |       ||   249
       Flail             |       |       |   172 |       ||   172
       Giant spiked club |       |       |   171 |   316 ||   487
Throw: Large rock        |     5 |    22 |    23 |    29 ||    79
       Throwing net      |     1 |     1 |     1 |       ||     3
       Tomahawk          |       |       |       |     6 ||     6
       Javelin           |       |       |       |     5 ||     5
Invok: Berserk           |       |       |       |     2 ||     2
       Trog's Hand       |       |       |       |     1 ||     1
Evoke: Wand              |       |       |     4 |       ||     4
  Use: Scroll            |     3 |     5 |    14 |     8 ||    30
       Potion            |       |     1 |       |     6 ||     7
 Stab: Sleeping          |     2 |     2 |     1 |     4 ||     9
       Held in net/web   |     3 |       |       |       ||     3
       Distracted        |       |     1 |       |       ||     1
  Eat: Chunk             |       |     7 |    20 |    18 ||    45
       Fruit             |       |       |       |     1 ||     1
Armor: Robe              |    19 |    76 |    40 |    81 ||   216
Dodge: Dodged            |    41 |   148 |   166 |   242 ||   597
